 Dungeon Crawl Stone Soup version 0.32-a0-361-g289a535e89 (webtiles) character file.

Game seed: 14540636018759889673

1904 pokeman the Thaumaturge (level 8, -6/42 (44) HPs)
             Began as a Deep Elf Hedge Wizard on Feb 18, 2024.
             Was an Initiate of Vehumet.
             Mangled by a kobold brigand
             ... wielding a +0 short sword of draining
              (8 damage)
             ... on level 7 of the Dungeon.
             The game lasted 00:13:07 (7149 turns).

pokeman the Thaumaturge (Deep Elf Hedge Wizard)     Turns: 7149, Time: 00:13:07

HP:   -6/42 (44)    AC: 11    Str:  5    XL:     8   Next: 94%
MP:   22/34         EV: 12    Int: 26    God:    Vehumet [......]
Gold: 255           SH:  0    Dex: 17    Spells: 21/29 levels left

rFire   . . .        B - +2 rapier of the Immovable Teeth {heavy, MP+9 Str-2 Int+4 Dex+3}
rCold   + . .        (no shield)
rNeg    . . .        w - +2 leather armour {rC+}
rPois   .            q - +0 helmet
rElec   .            j - +2 cloak
rCorr   .            e - +0 pair of gloves
SInv    +            y - +0 pair of boots
Will    .....        (no amulet)
Stlth   ++           E - ring of flight
HPRegen 0.27/turn    F - ring of see invisible
MPRegen 0.24/turn

%: no passive effects
@: flying, lightly drained
A: no striking features
a: Renounce Religion


You were on level 7 of the Dungeon.
You worshipped Vehumet.
Vehumet was noncommittal.
You visited 2 branches of the dungeon, and saw 8 of its levels.

You collected 255 gold pieces.

Inventory:

Hand Weapons
 u - a +2 dagger of draining
 B - the +2 rapier of the Immovable Teeth (weapon) {heavy, MP+9 Str-2 Int+4 Dex+3}
   (You found it on level 5 of the Dungeon)

   Str-2:     It affects your strength (-2).
   Int+4:     It affects your intelligence (+4).
   Dex+3:     It affects your dexterity (+3).
   MP+9:      It affects your magic capacity (+9).
Armour
 e - a +0 pair of gloves (worn)
 j - a +2 cloak (worn)
 q - a +0 helmet (worn)
 w - a +2 leather armour of cold resistance (worn)
 y - a +0 pair of boots (worn)
 G - a +0 kite shield
Jewellery
 E - a ring of flight (left hand)
 F - a ring of see invisible (right hand)
 J - a +6 ring of dexterity
Wands
 v - a wand of mindburst (12)
 I - a wand of flame (24)
Scrolls
 a - 2 scrolls of fear {unknown}
 g - 6 scrolls of identify {unknown}
 h - a scroll of butterflies {unknown}
 i - 2 scrolls of amnesia {unknown}
 k - a scroll of enchant weapon {unknown}
 p - a scroll of revelation {unknown}
 s - 2 scrolls of poison {unknown}
 t - a scroll of vulnerability {unknown}
 x - a scroll of blinking {unknown}
 C - a scroll of enchant armour {unknown}
 D - a scroll of noise {unknown}
Potions
 b - 2 potions of curing {unknown}
 c - a potion of haste {unknown}
 d - a potion of magic
 f - a potion of cancellation {unknown}
 l - 2 potions of lignification {unknown}
 m - 3 potions of resistance {unknown}
 n - 2 potions of degeneration {unknown}
 o - 4 potions of heal wounds {unknown}
 r - a potion of brilliance {unknown}
 z - a potion of invisibility {unknown}
 A - 3 potions of attraction {unknown}
 H - 2 potions of mutation {unknown}


   Skills:
 - Level 2.0 Fighting
 - Level 3.2 Armour
 - Level 3.2 Dodging
 - Level 3.0 Stealth
 + Level 1.4 Shields
 * Level 11.1 Spellcasting
 + Level 6.0 Conjurations
 - Level 1.1 Summonings
 - Level 1.1 Translocations
 - Level 1.0 Air Magic
 - Level 1.0 Alchemy
 - Level 2.0 Evocations


You had 21 spell levels left.
You knew the following spells:

 Your Spells              Type           Power      Damage    Failure   Level
a - Magic Dart            Conj           100%       1d8       1%          1
b - Mephitic Cloud        Conj/Alch/Air  28%        N/A       7%          3
c - Call Imp              Summ           40%        N/A       6%          2
d - Blink                 Tloc           40%        N/A       6%          2

Your spell library contained the following spells:

 Spells                   Type           Power      Damage    Failure   Level
 Slow                     Hex            56%        N/A       7%          1
 Cigotuvi's Dreadful Rot  Necr/Alch/Air  36%        N/A       8%          2
 Ensorcelled Hibernation  Hex/Ice        28%        N/A       10%         2
 Jinxbite                 Hex            28%        N/A       10%         2
 Swiftness                Air            20%        N/A       13%         3
 Passwall                 Erth           14%        N/A       21%         3
 Yara's Violent Unravell  Hex/Alch       8%         3d5       83%         5
 Enfeeble                 Hex            7%         N/A       100%        7


Dungeon Overview and Level Annotations

Branches:
Dungeon (7/15)             Temple (1/1) D:5

Altars:
Ashenzari
Cheibriados
Dithmenos
Elyvilon
Fedhas
Gozag
Hepliaklqana
Kikubaaqudgha
Makhleb
Nemelex Xobeh
Qazlal
Ru
Trog
Uskayaw
Vehumet
Wu Jian
Xom
Yredelemnul
Zin
The Shining One

Shops:
D:1 [   D:4 *


Message History

The stinking cloud engulfs you.
The stinking cloud engulfs the jelly.
You hear a shout! x4
The orc priest is engulfed in noxious fumes.
The orc priest appears confused.
The orc priest hits the jelly with a +0 hand axe.
The acid corrodes the orc priest!
The orc priest is burned by acid!
The orc priest hits you but does no damage.
Unknown command.
You puncture the orc priest!
You kill the orc priest!
Vehumet accepts your kill.
Unknown command.
You puncture the jelly!
Your hands burn!
The jelly is almost dead.
The jelly completely misses you. The jelly closely misses you.
You puncture the jelly!
You kill the jelly!
Vehumet accepts your kill.
The orc warrior hits you from afar with a +0 halberd!
* * * LOW HITPOINT WARNING * * *
A kobold comes into view. It is wielding a +0 short sword.
The orc warrior hits you from afar with a +0 halberd.
* * * LOW HITPOINT WARNING * * *
A kobold comes into view. It is wielding a +0 club.
Your Conjurations skill increases to level 6!
The kobold brigand is engulfed in noxious fumes.
The kobold brigand appears confused.
Unknown command.
You catch the helpless kobold brigand completely off-guard!
You puncture the kobold brigand!
The kobold brigand is severely wounded.
The kobold brigand looks very confused.
The kobold brigand hits you with a +0 short sword of draining.
* * * LOW HITPOINT WARNING * * *
You feel drained.
* * * LOW HITPOINT WARNING * * *
A kobold comes into view. It is wielding a +0 short sword.
The kobold brigand wonders, "What am I doing in here?"
The kobold brigand hits you with a +0 short sword of draining!
You die...

.....#
#.##########
..####
#..........# #.#
####.##.##. .<#
#....# ### #..###
# #..####.# ## #.
../# #.......# .#
#.....# ##.######
.# #.....# #@# .#
#..... #K# ##
#..... # ##°#
####.#.##.###.o#
#..$.#.........#
#.#J)<....###..#
#)...##o.....KK#
##..o.....##.K...
#..###.#[##.....#


You could see an orc warrior, a kobold brigand (confused) and 3 kobolds.

Vanquished Creatures
  A water moccasin (D:6)
  An ice beast (D:6)
  A black bear (D:6)
  2 ogres (D:5)
  A centaur (D:5)
  2 phantoms
  A scorpion (D:5)
  5 wights (D:6)
  2 howler monkeys (D:5)
  4 hounds
  3 jellies
  A gnoll bouda (D:4)
  5 orc priests
  Jessica (D:2)
  2 iguanas
  An orc wizard (D:5)
  A sleepcap (D:5)
  Robin (D:2)
  3 gnolls (D:4)
  7 adders
  2 shadow imps (D:6)
  An ufetubus (D:5)
  5 dart slugs
  9 orcs
  5 endoplasms
  3 giant cockroaches (D:1)
  11 goblins
  10 hobgoblins
  2 jackals (D:2)
  2 quokkas (D:2)
  4 ball pythons
  8 bats
  9 kobolds
  2 rats
118 creatures vanquished.

Vanquished Creatures (collateral kills)
  A sleepcap (D:4)
  An adder (D:6)
2 creatures vanquished.

Grand Total: 120 creatures vanquished

Notes
Turn   | Place    | Note
-------+----------+-------------------------------------------
     0 | D:1      | pokeman the Deep Elf Hedge Wizard began the quest for the
                  | Orb.
     0 | D:1      | Reached XP level 1. HP: 10/10 MP: 7/7
    74 | D:1      | Found Quplymiy's Armour Shoppe.
   278 | D:1      | Reached XP level 2. HP: 11/16 MP: 1/9
   687 | D:1      | Reached skill level 5 in Spellcasting
  1012 | D:1      | Reached XP level 3. HP: 20/20 MP: 8/11
  1017 | D:1      | Learned a level 3 spell: Mephitic Cloud
  1020 | D:1      | Learned a level 2 spell: Call Imp
  1023 | D:1      | Learned a level 2 spell: Blink
  1527 | D:2      | Noticed Jessica
  1535 | D:2      | Killed Jessica
  1536 | D:2      | Reached skill level 1 in Fighting
  1536 | D:2      | Reached skill level 1 in Armour
  1536 | D:2      | Reached XP level 4. HP: 25/25 MP: 4/13
  2060 | D:2      | Noticed Robin
  2127 | D:2      | Killed Robin
  2128 | D:2      | Reached skill level 6 in Spellcasting
  2133 | D:2      | Reached XP level 5. HP: 14/29 MP: 0/15
  2657 | D:3      | Noticed a phantom
  2666 | D:3      | Killed a phantom
  2667 | D:3      | Reached skill level 1 in Air Magic
  2836 | D:3      | Found a white marble altar of Elyvilon.
  2984 | D:3      | Found a snail-covered altar of Cheibriados.
  3297 | D:3      | Found a glowing silver altar of Zin.
  3313 | D:3      | Found a hide-covered altar of Uskayaw.
  3386 | D:4      | Reached XP level 6. HP: 34/34 MP: 11/17
  3487 | D:4      | Found a glowing golden altar of the Shining One.
  3490 | D:4      | Found a sacrificial altar of Ru.
  3493 | D:4      | Found an ornate altar of the Wu Jian Council.
  3496 | D:4      | Found an ancient bone altar of Kikubaaqudgha.
  3754 | D:4      | Reached skill level 1 in Alchemy
  3755 | D:4      | Reached skill level 7 in Spellcasting
  3870 | D:4      | Reached skill level 1 in Evocations
  4079 | D:4      | Found Xur Laowk's General Store.
  4527 | D:5      | Entered Level 5 of the Dungeon
  4705 | D:5      | Reached XP level 7. HP: 40/40 MP: 14/20
  4868 | D:5      | Identified the +2 rapier of the Immovable Teeth {heavy,
                  | MP+9 Str-2 Int+4 Dex+3}
  5036 | D:5      | Found a staircase to the Ecumenical Temple.
  5042 | D:5      | Reached skill level 8 in Spellcasting
  5051 | Temple   | Entered the Ecumenical Temple
  5327 | D:5      | Reached skill level 9 in Spellcasting
  5357 | D:5      | Reached XP level 8. HP: 44/44 MP: 23/23
  6090 | D:6      | Reached skill level 5 in Conjurations
  6125 | D:6      | Reached skill level 10 in Spellcasting
  6328 | D:6      | Found a radiant altar of Vehumet.
  6342 | D:6      | Became a worshipper of Vehumet
  6934 | D:6      | Reached skill level 1 in Shields
  6978 | D:7      | Reached skill level 11 in Spellcasting
  7149 | D:7      | HP: 2/42 [kobold brigand/+0 short sword of draining (1)]
  7149 | D:7      | Mangled by a kobold brigand

Illustrated notes

Levels and vault maps discovered:
D:1:      minmay_arrival_four_houses, layout_basic, serial_shops,
          nicolae_shop_crystal, serial_bayou_pond_c,
          amcnicky_mini_corridor_feature
D:2:      layout_loops_ring, minmay_liquid_box, minmay_splitting_lines,
          kennysheep_jessica_study, uniq_robin, uniq_jessica
D:3:      layout_loops_cross, nicolae_overflow_crystal_walls,
          jmf_multi_god_temple2, mainiacjoe_overflow_surrounded_room
D:4:      layout_basic, grunt_temple_overflow_cloverleaf, serial_shops, shop
D:5:      layout_basic, minmay_temple_entry_junction_2, supply_closet_lemuel
D:6:      layout_gridville, vehumet_altar_wand_db,
          eino_small_chamber_without_monster, st_stairs_8
D:7:      layout_loops_cross, mainiacjoe_overflow_alcove_4
Temple:   chequers_temple_sunken

Skill      XL: |  1  2  3  4  5  6  7  8 |
---------------+-------------------------+-----
Spellcasting   | 5 6 7 9 11 | 11.1
Fighting       | 1 2 |  2.0
Armour         | 1 2 3 |  3.2
Conjurations   | 2 3 4 6 |  6.0
Stealth        | 3 |  3.0
Dodging        | 3 |  3.2
Air Magic      | 1 |  1.0
Alchemy        | 1 |  1.0
Evocations     | 1 2 |  2.0
Shields        | 1 |  1.4
Summonings     | |  1.1
Translocations | |  1.1

Action                     |  1- 3 |  4- 6 |  7- 9 || total
---------------------------+-------+-------+-------++-------
  Melee: Dagger            |       |    99 |     4 ||   103
         Rapier            |       |       |    47 ||    47
   Cast: Magic Dart        |    69 |   132 |   116 ||   317
         Mephitic Cloud    |       |     5 |    15 ||    20
         Call Imp          |       |     2 |     8 ||    10
         Blink             |       |       |     5 ||     5
   Stab: Confused          |       |     3 |     4 ||     7
 Armour: Robe              |     8 |    46 |       ||    54
         Leather armour    |       |     7 |    90 ||    97
  Dodge: Dodged            |     9 |    79 |    85 ||   173

Table legend: (Time is in decaauts)
 A = Elapsed time spent in this place.
 B = Non-inter-level travel time spent in this place.
 C = Inter-level travel time spent in this place.
 D = Time resting spent in this place.
 E = Time spent auto-exploring this place.
 F = Levels seen in this place.
 G = Mean time per level.
                   A        B        C        D        E       F      G
               +--------+--------+--------+--------+--------+-----+--------+
         Total |   7195 |   6994 |    201 |    250 |   5689 |   8 |  899.4 |
       Dungeon |   7184 |   6983 |    201 |    250 |   5680 |   7 | 1026.3 |
        Temple |     10 |     10 |      0 |      0 |      9 |   1 |   10.0 |
               +--------+--------+--------+--------+--------+-----+--------+

Top non-repeatable levels by time:
     D:1: 1352 daAuts
     D:6: 1304 daAuts
     D:2: 1262 daAuts
     D:5: 1248 daAuts
     D:4: 1147 daAuts
     D:3: 772 daAuts
     D:7: 96 daAuts
  Temple: 10 daAuts
